AoeStats
← Demi Hesse

Arabia

506496793Analyzed
1v1 RM · 19d ago on Sep 13, 2026· 30m 44s· 2 players
Game mode
Random Map
Map size
Tiny (2 player)
Population
200
Speed
Normal
Resources
Standard
Victory
Conquest
Starting age
Dark Age
Ending age
Imperial Age
RankedLock teamsTeams togetherTeam positionsShared explorationLock speedFull tech treeHidden civsTurbo modeCheats
Victory
Defeat
🇦🇷 Persians · Argentina
1330
+17
🇩🇰 Khitans · Denmark
1356
-17
Demi Hesse
6:29 Loom
8:54 Feudal Age
9:32 Double-Bit Axe
20:30 Castle Age
19:20 Forging
20:21 Pikeman
21:41 Iron Casting
24:04 Bloodlines
24:32 Scale Barding Armor
24:28 Husbandry
Ginex
6:32 Loom
9:05 Feudal Age
9:38 Double-Bit Axe
12:37 Domestication
15:36 Wheelbarrow
15:33 Scale Barding Armor
18:45 Forging
21:46 Castle Age
20:50 Gold Mining
22:29 Husbandry
23:06 Iron Casting
21:59 Light Cavalry
23:38 Fletching
23:49 Padded Archer Armor
Connection lost

Rejoining the realm…

Still unreachable

The connection could not be restored.

Session expired

The server has moved on; the page needs a fresh start.